AA SOUTH
PENSACOLA BLUE WAHOOS @ BIRMINGHAM BARONS
04/13/2042
 
TOP OF THE 1ST
Pensacola Blue Wahoos batting - Pitching for Birmingham Barons : LHP Juan Salinas
Pitching: LHP Juan Salinas
Batting: LHB José Guedán 0-0: Ball
1-0: Called Strike
1-1: Foul Ball, location: 3F
1-2: Ball
2-2: Strikes out swinging
Batting: SHB Steve Clark 0-0: SINGLE (Groundball, 4MD, EV 108.1 MPH)
Batting: RHB Albert Nieves 0-0: Foul Ball, location: 9LDF
0-1: Called Strike
0-2: Foul Ball, location: 2F
0-2: Ball
1-2: Strikes out looking
Batting: RHB Dave Mitchell 0-0: Called Strike
Steve Clark is caught stealing 2nd base 2-4
Top of the 1st over - 0 runs, 1 hit, 0 errors, 0 left on base; Pensacola 0 - Birmingham 0
BOTTOM OF THE 1ST
Birmingham Barons batting - Pitching for Pensacola Blue Wahoos : RHP Mario Solís
Pitching: RHP Mario Solís
Batting: RHB Sergio Rodríguez 0-0: Ball
1-0: Called Strike
1-1: Ball
2-1: Called Strike
2-2: Ball
3-2: SINGLE (Line Drive, 56D, EV 108.1 MPH)
Batting: RHB Willie Crouch 0-0: Ball
Sergio Rodríguez steals 2nd base
1-0: Foul Ball, location: 5FF
1-1: Fly out, F8 (Line Drive, 8RM, EV 86.3 MPH)
Batting: RHB Jon Nelson 0-0: Foul Ball, location: 2F
0-1: Fly out, F9 (Flyball, 9S, EV 86.9 MPH)
Batting: RHB Joe Young 0-0: Ball
1-0: Foul Ball, location: 2F
1-1: Called Strike
1-2: Strikes out swinging
Bottom of the 1st over - 0 runs, 1 hit, 0 errors, 1 left on base; Pensacola 0 - Birmingham 0
TOP OF THE 2ND
Pensacola Blue Wahoos batting - Pitching for Birmingham Barons : LHP Juan Salinas
Batting: RHB Dave Mitchell 0-0: Foul Ball, location: 9LMFF
0-1: Ball
1-1: Ball
2-1: Ground out 6-3 (Groundball, 56, EV 88.8 MPH)
Batting: LHB José Jiménez 0-0: Ground out 4-3 (Groundball, 4MD, EV 96.9 MPH)
Batting: RHB David Holguín 0-0: Ball
1-0: Swinging Strike
1-1: Ball
2-1: Swinging Strike
2-2: Ground out 6-3 (Groundball, 56, EV 103.8 MPH)
Top of the 2nd over - 0 runs, 0 hits, 0 errors, 0 left on base; Pensacola 0 - Birmingham 0
BOTTOM OF THE 2ND
Birmingham Barons batting - Pitching for Pensacola Blue Wahoos : RHP Mario Solís
Batting: SHB Juan Colón 0-0: Foul Ball, location: 2F
0-1: Ground out 4-3 (Groundball, 4, EV 103.8 MPH)
Batting: LHB Rusty Hamm 0-0: Ball
1-0: Called Strike
1-1: Foul Ball, location: 7LMF
1-2: Ground out 4-3 (Groundball, 4, EV 78.8 MPH)
Batting: RHB José Solís 0-0: Ball
1-0: Ball
2-0: Ball
3-0: Called Strike
3-1: Base on Balls
Batting: RHB César Chapa 0-0: Swinging Strike
0-1: Called Strike
0-2: Ball
1-2: Strikes out swinging
Bottom of the 2nd over - 0 runs, 0 hits, 0 errors, 1 left on base; Pensacola 0 - Birmingham 0
TOP OF THE 3RD
Pensacola Blue Wahoos batting - Pitching for Birmingham Barons : LHP Juan Salinas
Batting: LHB Juan Lazu 0-0: Ball
1-0: Foul Ball, location: 5FF
1-1: Ball
2-1: Foul Ball, location: 2RF
2-2: Strikes out swinging
Batting: LHB Jim Bailey 0-0: Ground out 4-3 (Groundball, 4, EV 100.6 MPH)
Batting: RHB Chris Green 0-0: Called Strike
0-1: DOUBLE (Groundball, 5L, EV 103.8 MPH)
Batting: LHB José Guedán 0-0: Fly out, F8 (Flyball, 8RD, EV 104.4 MPH)
Top of the 3rd over - 0 runs, 1 hit, 0 errors, 1 left on base; Pensacola 0 - Birmingham 0
BOTTOM OF THE 3RD
Birmingham Barons batting - Pitching for Pensacola Blue Wahoos : RHP Mario Solís
Batting: RHB Vic Miller 0-0: Foul Ball, location: 2F
0-1: Foul Ball, location: 2F
0-2: Ball
1-2: Ball
2-2: Foul Ball, location: 3SF
2-2: Foul Ball, location: 23F
2-2: Ball
3-2: Foul Ball, location: 9LDF
3-2: Foul Ball, location: 25F
3-2: SINGLE (Line Drive, 8LS, EV 94.4 MPH)
Batting: RHB Sergio Rodríguez 0-0: Grounds into double play, 4-6-3 (Groundball, 4S, EV 83.8 MPH)
Batting: RHB Willie Crouch 0-0: Ball
1-0: Ball
2-0: Foul Ball, location: 2F
2-1: Fly out, F7 (Flyball, 78D, EV 103.1 MPH)
Bottom of the 3rd over - 0 runs, 1 hit, 0 errors, 0 left on base; Pensacola 0 - Birmingham 0
TOP OF THE 4TH
Pensacola Blue Wahoos batting - Pitching for Birmingham Barons : LHP Juan Salinas
Batting: SHB Steve Clark 0-0: Called Strike
0-1: Foul Ball, location: 9LMF
0-2: Strikes out swinging
Batting: RHB Albert Nieves 0-0: Fly out, F7 (Flyball, 7, EV 102.5 MPH)
Batting: RHB Dave Mitchell 0-0: Called Strike
0-1: Called Strike
0-2: Ground out 6-3 (Groundball, 6S, EV 89.4 MPH)
Top of the 4th over - 0 runs, 0 hits, 0 errors, 0 left on base; Pensacola 0 - Birmingham 0
BOTTOM OF THE 4TH
Birmingham Barons batting - Pitching for Pensacola Blue Wahoos : RHP Mario Solís
Batting: RHB Jon Nelson 0-0: Ball
1-0: Fly out, F7 (Line Drive, 7S, EV 95.0 MPH)
Batting: RHB Joe Young 0-0: Called Strike
0-1: Foul Ball, location: 23F
0-2: Ball
1-2: Foul Ball, location: 23F
1-2: SINGLE (Groundball, 4S, EV 69.4 MPH) (infield hit)
Batting: SHB Juan Colón 0-0: Called Strike
0-1: Swinging Strike
0-2: Foul Ball, location: 9LMFF
0-2: Ball
1-2: Hit by Pitch
Joe Young to second
Batting: LHB Rusty Hamm 0-0: Foul Ball, location: 2F
0-1: SINGLE (Groundball, 6MD, EV 106.9 MPH)
Joe Young to third
Juan Colón to second
Runner from 3rd tries for Home, SAFE, throw by CF to home
Batting: RHB José Solís 0-0: Ball
1-0: Called Strike
1-1: Ball
2-1: Ball
3-1: Called Strike
3-2: Base on Balls
Juan Colón to third
Rusty Hamm to second
Batting: RHB César Chapa 0-0: Called Strike
0-1: Ball
1-1: Called Strike
1-2: Ball
2-2: Ball
3-2: Strikes out swinging
Batting: RHB Vic Miller 0-0: SINGLE (Groundball, 6, EV 111.3 MPH) (infield hit)
Juan Colón scores
Rusty Hamm to third
José Solís to second
Batting: RHB Sergio Rodríguez 0-0: Ball
1-0: Ball
2-0: Fly out, F4 (Popup, 4MD, EV 51.9 MPH)
Bottom of the 4th over - 2 runs, 3 hits, 0 errors, 3 left on base; Pensacola 0 - Birmingham 2
TOP OF THE 5TH
Pensacola Blue Wahoos batting - Pitching for Birmingham Barons : LHP Juan Salinas
Batting: LHB José Jiménez 0-0: Ball
1-0: SINGLE (Line Drive, 9S, EV 88.8 MPH)
Batting: RHB David Holguín 0-0: Bunt missed!
0-1: Ball
1-1: Bunted foul
1-2: SINGLE (Line Drive, 34, EV 95.6 MPH)
José Jiménez to second
Batting: LHB Juan Lazu 0-0: Foul Ball, location: 2F
0-1: Ball
1-1: Bunt - Flyout to 5S! F5
Batting: LHB Jim Bailey 0-0: Swinging Strike
0-1: Foul Ball, location: 7LDF
0-2: Foul Ball, location: 2F
0-2: Ball
1-2: Ball
2-2: Ball
3-2: Strikes out swinging
Batting: RHB Chris Green 0-0: Called Strike
0-1: Ball
1-1: Foul Ball, location: 2F
1-2: Ball
2-2: Ball
3-2: Foul Ball, location: 5FF
3-2: Strikes out swinging
Top of the 5th over - 0 runs, 2 hits, 0 errors, 2 left on base; Pensacola 0 - Birmingham 2
BOTTOM OF THE 5TH
Birmingham Barons batting - Pitching for Pensacola Blue Wahoos : RHP Mario Solís
Batting: RHB Willie Crouch 0-0: Ball
1-0: Ball
2-0: Foul Ball, location: 9LSF
2-1: Ball
3-1: Base on Balls
Batting: RHB Jon Nelson 0-0: Foul Ball, location: 2RF
0-1: Ball
1-1: Fly out, F9 (Line Drive, 9, EV 88.8 MPH)
Batting: RHB Joe Young 0-0: Called Strike
0-1: Ball
1-1: Fly out, F9 (Flyball, 89S, EV 75.0 MPH)
Batting: SHB Juan Colón 0-0: Ball
1-0: Foul Ball, location: 2F
1-1: Ball
2-1: Foul Ball, location: 9LMF
2-2: Ball
3-2: Ground out 2-3 (Groundball, 2L, EV 73.8 MPH)
Bottom of the 5th over - 0 runs, 0 hits, 0 errors, 1 left on base; Pensacola 0 - Birmingham 2
TOP OF THE 6TH
Pensacola Blue Wahoos batting - Pitching for Birmingham Barons : LHP Juan Salinas
Batting: LHB José Guedán 0-0: Called Strike
0-1: SINGLE (Line Drive, 89S, EV 89.4 MPH)
Batting: SHB Steve Clark 0-0: Ball
1-0: Foul Ball, location: 9LDF
1-1: Ball
2-1: SINGLE (Groundball, 4D, EV 100.6 MPH)
José Guedán to second
Runner from 2nd tries for 3rd, OUT after rundown.
Batting: RHB Albert Nieves 0-0: Ball
Steve Clark steals 2nd base (no throw)
1-0: Ball
2-0: Foul Ball, location: 3FF
2-1: Swinging Strike
2-2: Strikes out looking
Batting: RHB Dave Mitchell 0-0: SINGLE (Line Drive, 6MD, EV 71.9 MPH)
Steve Clark to third
Batting: LHB José Jiménez 0-0: Ball
1-0: Called Strike
1-1: Ground out 1-3 (Groundball, 13S, EV 70.6 MPH)
Top of the 6th over - 0 runs, 3 hits, 0 errors, 2 left on base; Pensacola 0 - Birmingham 2
BOTTOM OF THE 6TH
Birmingham Barons batting - Pitching for Pensacola Blue Wahoos : RHP Mario Solís
Pitching: LHP Al Booker
Batting: LHB Rusty Hamm 0-0: Called Strike
0-1: Ball
1-1: Ball
2-1: Foul Ball, location: 9LDF
2-2: Ground out 4-3 (Groundball, 4, EV 83.8 MPH)
Batting: RHB José Solís 0-0: Fly out, F8 (Line Drive, 8LD, EV 101.9 MPH)
Batting: RHB César Chapa 0-0: Ball
1-0: Ground out 4-3 (Groundball, 4, EV 88.8 MPH)
Bottom of the 6th over - 0 runs, 0 hits, 0 errors, 0 left on base; Pensacola 0 - Birmingham 2
TOP OF THE 7TH
Pensacola Blue Wahoos batting - Pitching for Birmingham Barons : LHP Juan Salinas
Batting: RHB David Holguín 0-0: Ball
1-0: Foul Ball, location: 2F
1-1: Fly out, F5 (Line Drive, 5, EV 64.4 MPH)
Batting: LHB Juan Lazu 0-0: Called Strike
0-1: Foul Ball, location: 2F
0-2: SINGLE (Line Drive, 9S, EV 109.4 MPH)
Pitching: RHP Chris Cleveland
Batting: LHB Jim Bailey 0-0: Ball
1-0: Ball
2-0: Grounds into double play, 4-6-3 (Groundball, 4, EV 82.5 MPH)
Top of the 7th over - 0 runs, 1 hit, 0 errors, 0 left on base; Pensacola 0 - Birmingham 2
BOTTOM OF THE 7TH
Birmingham Barons batting - Pitching for Pensacola Blue Wahoos : LHP Al Booker
Batting: RHB Vic Miller 0-0: Called Strike
0-1: SINGLE (Flyball, 89S, EV 86.3 MPH)
Batting: RHB Sergio Rodríguez 0-0: Bunt missed!
0-1: Foul Ball, location: 2F
0-2: Foul Ball, location: 5F
0-2: Foul Ball, location: 2F
0-2: Ball
1-2: Ball
2-2: Ball
3-2: Fly out, F8 (Flyball, 89M, EV 79.4 MPH)
Batting: RHB Willie Crouch 0-0: Ball
1-0: Ball
2-0: Called Strike
2-1: DOUBLE (Groundball, 5L, EV 94.4 MPH)
Vic Miller to third
Batting: RHB Jon Nelson 0-0: Foul Ball, location: 2LF
0-1: Ball
1-1: Foul Ball, location: 3F
1-2: Strikes out looking
Batting: RHB Joe Young 0-0: Ball
1-0: Ball
2-0: Called Strike
2-1: Ball
3-1: Base on Balls
Batting: SHB Juan Colón 0-0: Called Strike
0-1: Ball
1-1: Ball
2-1: Foul Ball, location: 3F
2-2: Foul Ball, location: 5FF
2-2: Ball
3-2: DOUBLE (Flyball, 8RXD, EV 96.9 MPH)
Vic Miller scores
Willie Crouch scores
Joe Young to third
Joe Young scores
Pitching: RHP Steve Byrne
Batting: LHB Rusty Hamm 0-0: Foul Ball, location: 7LDF
0-1: Foul Ball, location: 7LSF
0-2: Ball
1-2: Foul Ball, location: 7LSF
1-2: Ball
2-2: Ball
3-2: Ground out 4-3 (Groundball, 4, EV 107.5 MPH)
Bottom of the 7th over - 3 runs, 3 hits, 0 errors, 1 left on base; Pensacola 0 - Birmingham 5
TOP OF THE 8TH
Pensacola Blue Wahoos batting - Pitching for Birmingham Barons : RHP Chris Cleveland
Batting: RHB Chris Green 0-0: Ball
1-0: Fly out, F7 (Flyball, 78S, EV 99.4 MPH)
Batting: LHB José Guedán 0-0: Ground out 5-3 (Groundball, 56, EV 103.1 MPH)
Batting: SHB Steve Clark 0-0: Called Strike
0-1: Ball
1-1: Swinging Strike
1-2: Ball
2-2: Ball
3-2: Strikes out swinging
Top of the 8th over - 0 runs, 0 hits, 0 errors, 0 left on base; Pensacola 0 - Birmingham 5
BOTTOM OF THE 8TH
Birmingham Barons batting - Pitching for Pensacola Blue Wahoos : RHP Steve Byrne
Batting: RHB José Solís 0-0: Called Strike
0-1: Foul Ball, location: 2F
0-2: Strikes out looking
Batting: RHB César Chapa 0-0: Ball
1-0: Ball
2-0: Called Strike
2-1: Ball
3-1: Base on Balls
Batting: RHB Vic Miller 0-0: Ball
1-0: Swinging Strike
1-1: Ball
2-1: Ball
3-1: Swinging Strike
3-2: Strikes out swinging
Batting: RHB Sergio Rodríguez 0-0: Called Strike
0-1: Ball
1-1: Ball
2-1: Fly out, F8 (Flyball, 78M, EV 95.6 MPH)
Bottom of the 8th over - 0 runs, 0 hits, 0 errors, 1 left on base; Pensacola 0 - Birmingham 5
TOP OF THE 9TH
Pensacola Blue Wahoos batting - Pitching for Birmingham Barons : RHP Chris Cleveland
Batting: RHB Albert Nieves 0-0: Ball
1-0: Ball
2-0: Foul Ball, location: 7LMF
2-1: Foul Ball, location: 9LDF
2-2: Foul Ball, location: 9LSF
2-2: Foul Ball, location: 3SF
2-2: Strikes out swinging
Batting: RHB Dave Mitchell 0-0: Swinging Strike
0-1: Foul Ball, location: 2F
0-2: Ball
1-2: Ball
2-2: Strikes out swinging
Batting: LHB José Jiménez 0-0: Fly out, F5 (Line Drive, 56, EV 76.3 MPH)
Top of the 9th over - 0 runs, 0 hits, 0 errors, 0 left on base; Pensacola 0 - Birmingham 5
Wednesday, May 1st , 2024 - OOTP Baseball 24.10 Build 82